 Dungeon Crawl Stone Soup version 0.29.0 (webtiles) character file.

Game seed: 14649163742146887856

693 XZede the Poker (level 7, -5/52 HPs)
             Began as a Demonspawn Berserker on Aug 30, 2022.
             Was an Elder of Trog.
             Killed from afar by an orc wizard (7 damage)
             ... with a magic dart
             ... on level 8 of the Dungeon.
             The game lasted 00:13:32 (4495 turns).

XZede the Poker (Demonspawn Berserker)              Turns: 4495, Time: 00:13:33

Health: -5/52      AC: 13    Str: 19    XL:     7   Next: 37%
Magic:  7/7        EV:  8    Int:  8    God:    Trog [****..]
Gold:   217        SH:  0    Dex: 13    Spells: 6/6 levels left

rFire   + . .      SeeInvis +   a - +0 spear (drain)
rCold   . . .      Faith    .   (no shield)
rNeg    . . .      Spirit   .   q - +1 chain mail {rF+}
rPois   .          Reflect  .   (helmet unavailable)
rElec   .          Harm     .   (no cloak)
rCorr   .          Rampage  .   (no gloves)
Will    ++...                   (no boots)
Stlth   ..........              (no amulet)
HPRegen 0.17/turn               d - ring of willpower
MPRegen 0.10/turn               r - +4 ring of protection

@: on berserk cooldown
A: antennae 3, demonic guardian 1, strong-willed 1, sense surroundings 1,
subdued magic 1
a: Renounce Religion, Berserk, Trog's Hand, Brothers in Arms


You were on level 8 of the Dungeon.
You worshipped Trog.
Trog was greatly pleased with you.
You visited 1 branch of the dungeon, and saw 6 of its levels.

You collected 217 gold pieces.

Inventory:

Hand Weapons
 a - a +0 spear of draining (weapon)
 k - the +5 sling of Wavuevet {vorpal, Str+4}
   (You found it on level 2 of the Dungeon)

   Any ammunition fired from it inflicts extra damage upon your enemies.
   Str:       It affects your strength (+4).
Missiles
 g - 12 stones (quivered)
 m - 6 silver boomerangs
Armour
 e - a +2 hat
 q - a +1 chain mail of fire resistance (worn)
 u - a +0 pair of boots
 v - a +0 chain mail
Jewellery
 d - a ring of willpower (left hand)
 r - a +4 ring of protection (right hand)
 s - a ring of protection from fire
Scrolls
 i - 2 scrolls of teleportation {unknown}
 n - 2 scrolls of blinking
 t - a scroll of immolation
 w - 2 scrolls of identify
 y - a scroll of magic mapping {unknown}
Potions
 b - a potion of degeneration
 c - a potion of haste
 f - 4 potions of curing {unknown}
 h - a potion of ambrosia {unknown}
 j - 2 potions of resistance {unknown}
 l - a potion of flight {unknown}
 o - 2 potions of mutation
 x - a potion of attraction {unknown}


   Skills:
 - Level 3.3 Fighting
 * Level 7.5 Polearms
 - Level 2.2 Armour
 - Level 2.2 Dodging


You had 6 spell levels left.
You didn't know any spells.
Your spell library was empty.

Dungeon Overview and Level Annotations

Branches:
Dungeon (5/15)             Temple (0/1) D:5

Altars:
Cheibriados
Qazlal
Ru


Innate Abilities, Weirdness & Mutations

You have a pair of large antennae on your head. (SInv)
A weak demonic guardian rushes to your aid.
You are strong-willed. (Will+)
You passively map a small area around you.
Your spells are a little easier to cast, but a little less powerful.


Message History

Things that are here:
a +0 hand axe; a +0 scale mail; an orc corpse You barely miss something.
You punch something.
The bullfrog hits you but does no damage.
Something hits you but does no damage.
Your iron imp completely misses something.
The orc warrior hits you but does no damage.
The bullfrog barely misses you.
You barely miss something. The bullfrog closely misses you.
You hear some strange, mumbled words.
A puff of flame appears from out of thin air!
The puff of flame misses you. The orc warrior barely misses you.
Your iron imp barely misses something.
You barely miss something.
The bullfrog hits you but does no damage.
Something hits you but does no damage.
The orc warrior hits you from afar with a +0 trident.
* * * LOW HITPOINT WARNING * * *
A demonic guardian appears!
The bullfrog hits you but does no damage.
It was a potion of mutation.
You feel extremely strange.
The antennae on your head grow some more.
Your +2 hat falls away!
You feel strong-willed.
Your connection to magic feels subdued.
You feel a strange attunement to the structure of the dungeons.
The bullfrog hits you but does no damage.
Your iron imp barely misses the orc wizard.
The orc wizard hits you but does no damage.
The orc warrior hits you from afar with a +0 trident.
* * * LOW HITPOINT WARNING * * *
The bullfrog hits you but does no damage.
Your iron imp barely misses the orc wizard.
It was a potion of cancellation.
Your magical effects are unravelling.
You feel magically purged.
You feel yourself speed up.
The bullfrog hits you but does no damage.
The orc wizard gestures at you while chanting.
The magic dart hits you!
You die...

, *
#...........,
, *
#..........,
#.........# *
#.........+ ,
+ #.........#,
* ,
#.........#,
#....oF...#,
,, #....)o@5.#
, ,
######5...#,
<, #....# ,* ,
#....#,
######....# ,
#.........#,,,
, #.........+
,, ,
#.........# *
#.........# *


You could see an orc warrior, a bullfrog (ally target), an orc wizard
(invisible, very drained), a friendly iron imp (summoned) and a friendly white
imp (summoned).

Vanquished Creatures
  A black bear (D:5)
  An ogre (D:5)
  2 scorpions
  An orc priest (D:4)
  Natasha (twice) (D:3)
  Terence (D:2)
  2 iguanas
  A river rat (D:3)
  9 adders
  2 worms
  7 dart slugs
  10 orcs
  5 bats
  8 endoplasms
  8 giant cockroaches
  9 hobgoblins
  2 jackals (D:1)
  6 quokkas
  7 ball pythons
  8 frilled lizards
  7 goblins
  3 kobolds
  5 rats
107 creatures vanquished.

Vanquished Creatures (collateral kills)
  Natasha (D:3)
  A white imp (D:4)
2 creatures vanquished.

Grand Total: 109 creatures vanquished

Notes
Turn   | Place    | Note
-------+----------+-------------------------------------------
     0 | D:1      | XZede the Demonspawn Berserker began the quest for the Orb.
     0 | D:1      | Reached XP level 1. HP: 18/18 MP: 1/1
   121 | D:1      | Gained mutation: You have a pair of small antennae on your
                  | head. [demonic ancestry]
   121 | D:1      | Reached XP level 2. HP: 24/24 MP: 2/2
   317 | D:1      | Reached ** piety under Trog
   318 | D:1      | Reached skill level 3 in Polearms
   578 | D:1      | Reached XP level 3. HP: 29/29 MP: 3/3
   679 | D:1      | Found a faded altar of an unknown god.
   811 | D:2      | Identified the +5 sling of Wavuevet {vorpal, Str+4}
  1329 | D:2      | Gained mutation: A weak demonic guardian rushes to your
                  | aid. [demonic ancestry]
  1329 | D:2      | Reached XP level 4. HP: 35/35 MP: 4/4
  1672 | D:2      | Noticed Terence
  1688 | D:2      | Killed Terence
  1689 | D:2      | Reached skill level 4 in Polearms
  2565 | D:3      | Reached *** piety under Trog
  2566 | D:3      | Reached XP level 5. HP: 37/41 MP: 5/5
  2636 | D:3      | Noticed Natasha
  2642 | D:3      | Killed Natasha
  2817 | D:3      | Noticed Natasha
  2823 | D:3      | Killed Natasha
  2824 | D:3      | Reached skill level 5 in Polearms
  2832 | D:3      | Noticed Natasha
  2839 | D:3      | Killed Natasha
  3314 | D:4      | Gained mutation: You have a pair of antennae on your head.
                  | [demonic ancestry]
  3314 | D:4      | Reached XP level 6. HP: 43/47 MP: 6/6
  3615 | D:4      | Reached skill level 6 in Polearms
  3650 | D:4      | Found a sacrificial altar of Ru.
  3890 | D:5      | Entered Level 5 of the Dungeon
  3938 | D:5      | Reached **** piety under Trog
  3955 | D:5      | Reached XP level 7. HP: 21/52 MP: 7/7
  4136 | D:5      | Found a snail-covered altar of Cheibriados.
  4166 | D:5      | Found a stormy altar of Qazlal.
  4195 | D:5      | Reached skill level 7 in Polearms
  4330 | D:5      | Found a staircase to the Ecumenical Temple.
  4460 | D:5      | You fall into a shaft and drop 3 floors!
  4494 | D:8      | Gained mutation: You have a pair of large antennae on your
                  | head. (SInv) [potion of mutation]
  4494 | D:8      | Gained mutation: You are strong-willed. (Will+) [potion of
                  | mutation]
  4494 | D:8      | Gained mutation: Your spells are a little easier to cast,
                  | but a little less powerful. [potion of mutation]
  4494 | D:8      | Gained mutation: You passively map a small area around you.
                  | [potion of mutation]
  4494 | D:8      | HP: 2/52 [orc warrior/+0 trident (4)]
  4495 | D:8      | Killed from afar by an orc wizard

Illustrated notes

Levels and vault maps discovered:
D:1:      scummos_arrival_forest, layout_basic,
          shapermc_ecumenical_altar_mp_vishouse, minmay_pentomino_o4
D:2:      layout_loops_ring, serial_co_window_serial, co_window_paths_b,
          co_window_corner_a, co_window_paths_a, co_window_corner_a,
          co_window_paths_a, co_window_paths_a, co_window_corner_a,
          co_window_2corner, co_window_cross_2, co_window_corner_cb,
          co_window_corner_b, co_window_cross_3, co_window_paths_c,
          co_window_corner_b, glass_columns_a, uniq_terence
D:3:      layout_loops_ring, gup_sewer_entry_bubbles, eino_tiny_chamber,
          uniq_natasha
D:4:      layout_rooms, kennysheep_mini
D:5:      layout_loops_cross, old_standard_altar, general_overflow_altar,
          minmay_temple_entry_junction, enter_ossuary_5
D:8:      layout_gridville, nicolae_overflow_squiral, enter_bailey_5

Skill      XL: |  1  2  3  4  5  6  7 |
---------------+----------------------+-----
Armour         | 2 |  2.2
Dodging        | 2 |  2.2
Polearms       | 3 4 5 6 7 |  7.5
Fighting       | |  3.3

Action                   |  1- 3 |  4- 6 |  7- 9 || total
-------------------------+-------+-------+-------++-------
Melee: Spear             |   130 |   227 |    43 ||   400
       Punch             |     2 |     2 |     1 ||     5
Invok: Berserk           |       |     2 |     1 ||     3
  Use: Scroll            |       |     8 |       ||     8
       Potion            |       |       |     2 ||     2
Armor: Ring mail         |    35 |     7 |       ||    42
       Chain mail        |       |    72 |    35 ||   107
Dodge: Dodged            |    45 |    64 |    19 ||   128
